[Event "Titled Tuesday Blitz February 15 Late 2022"]
[White "Daianu, Cristian-Clement"]
[Black "De Arruda, Leandro Formes"]
[WhiteFideId "1208926"]
[BlackFideId "22722009"]
[WhiteElo "2159"]
[BlackElo "1780"]
[Result "1-0"]
[Round "04"]
[TimeControl "180+1"]
[Date "2022.02.16"]
[WhiteClock "0:00:22"]
[BlackClock "0:00:31"]

1. d4 d5 2. Bf4 Nf6 3. e3 e6 4. Nf3 Bd6 5. Bd3 Bxf4 6. exf4 Qd6 7. Qd2 Bd7 8. Ne5 c5 9. c3 cxd4 10. cxd4 Nc6 11. Bc2 Nb4 12. Nc3 Nxc2+ 13. Qxc2 b5 14. a3 Rc8 15. O-O a5 16. Qd3 b4 17. axb4 axb4 18. Nd1 O-O 19. Ne3 Be8 20. f5 Qb6 21. fxe6 fxe6 22. Ra6 Qb7 23. Rxe6 Bb5 24. Qb3 Bxf1 25. Nxf1 Rc1 26. Nd3 Ra1 27. f3 h6 28. g3 Ne4 29. Kg2 Rxf1 30. Rxe4 R8xf3 31. Re8+ Kh7 32. Qc2 g6 33. Qe2 Rf7 34. Qe5 R1f2+ 35. Nxf2 Rg7 36. Ng4 1-0


[Site "https://www.chess.com"]

[Event "Titled Tuesday Blitz February 15 Late 2022"]
[White "Debray, Christopher"]
[Black "Toncheva, Nadya"]
[WhiteFideId "630810"]
[BlackFideId "2924056"]
[WhiteElo "2369"]
[BlackElo "1920"]
[Result "1-0"]
[Round "04"]
[TimeControl "180+1"]
[Date "2022.02.16"]
[WhiteClock "0:00:39"]
[BlackClock "0:00:05"]

1. d4 Nf6 2. Bf4 e6 3. e3 c5 4. c3 d5 5. Nd2 Bd6 6. Bg3 Qc7 7. Ngf3 Nbd7 8. Bd3 O-O 9. O-O Bxg3 10. hxg3 e5 11. dxe5 Nxe5 12. Nxe5 Qxe5 13. Nf3 Qe6 14. Bc2 b6 15. Qe2 Bb7 16. Rad1 Rad8 17. a4 Rfe8 18. a5 bxa5 19. Ra1 Qb6 20. Rfd1 d4 21. cxd4 cxd4 22. Ba4 Re7 23. Qd3 Ba6 24. Qd2 Ne4 25. Qc1 dxe3 26. Rxd8+ Qxd8 27. Qxe3 h6 28. Re1 Bb7 29. Qxa7 Nd6 30. Rxe7 Qxe7 31. Qxa5 Nc4 32. Qc3 Bd5 33. Bc2 g6 34. b4 Nd6 35. Qd4 Bxf3 36. gxf3 Qe1+ 37. Kg2 Nb5 38. Qc5 Nc3 39. Bd3 Qd2 40. Qe3 Qb2 41. b5 Nxb5 42. Qe8+ 1-0


[Site "https://www.chess.com"]

[Event "Titled Tuesday Blitz February 15 Late 2022"]
[White "Delaney, Killian"]
[Black "Celestino, Rafael Teixeira"]
[WhiteFideId "2501570"]
[BlackFideId "2108925"]
[WhiteElo "2306"]
[BlackElo "2320"]
[Result "1-0"]
[Round "04"]
[TimeControl "180+1"]
[Date "2022.02.16"]
[WhiteClock "0:01:14"]
[BlackClock "0:01:02"]

1. e4 c5 2. Nf3 Nc6 3. c3 e5 4. Bc4 Be7 5. d4 cxd4 6. cxd4 exd4 7. Nxd4 Nf6 8. Nc3 O-O 9. O-O Bc5 10. Nb3 Bb6 11. Bg5 h6 12. Bh4 g5 13. Bg3 Bc7 14. Bxc7 Qxc7 15. Nd5 Nxd5 16. Bxd5 Ne7 17. Rc1 Qe5 18. Bc4 b6 19. Qh5 Kg7 20. Rcd1 d6 21. Rd3 Qxe4 22. Re3 Qxc4 23. Rxe7 Be6 24. Re1 Rae8 25. R1xe6 Rxe7 26. Qxh6+ Kg8 27. Qxg5+ Kh7 28. Rh6# 1-0


[Site "https://www.chess.com"]

[Event "Titled Tuesday Blitz February 15 Late 2022"]
[White "Demchenko, Anton"]
[Black "Fishbein, Alexander"]
[WhiteFideId "4160258"]
[BlackFideId "2000377"]
[WhiteElo "2539"]
[BlackElo "2442"]
[Result "1-0"]
[Round "04"]
[TimeControl "180+1"]
[Date "2022.02.15"]
[WhiteClock "0:00:04"]
[BlackClock "0:00:01"]

1. e4 c5 2. Nf3 d6 3. d4 cxd4 4. Qxd4 a6 5. Be2 Nc6 6. Qe3 g6 7. h3 Bg7 8. O-O Nf6 9. Rd1 Nd7 10. c4 O-O 11. Nc3 Qb6 12. Qxb6 Nxb6 13. Bd2 Be6 14. b3 Nd7 15. Rac1 Nc5 16. Ng5 Nd4 17. Bf1 h6 18. Nxe6 fxe6 19. Be3 e5 20. Nd5 Rf7 21. f3 g5 22. b4 Nce6 23. c5 dxc5 24. Nb6 Rd8 25. bxc5 Nf4 26. Bxf4 exf4 27. Bc4 e6 28. Kf1 Kh7 29. e5 Bxe5 30. Bd3+ Kg7 31. Be4 Rc7 32. Nc4 Bf6 33. Na5 Rdd7 34. Rc4 e5 35. Rb1 Nb5 36. Nxb7 Na3 37. Rcc1 Nxb1 38. Rxb1 Be7 39. c6 Rd2 40. Na5 Bc5 41. Rb7 Rxb7 42. cxb7 Rb2 43. Bd5 Bd6 44. Nc4 Rb1+ 45. Ke2 Bb8 46. Kd3 Rg1 47. Ke4 Rxg2 48. Na5 Re2+ 49. Kf5 Rd2 50. Ke6 h5 51. Nc6 Bc7 52. Ne7 g4 53. hxg4 h4 54. Nf5+ Kg6 55. Nxh4+ Kg5 56. Nf5 a5 57. Be4 Bb8 58. Ne7 Rb2 59. a4 Rb6+ 60. Kf7 Rb4 61. Nc8 Rxa4 62. Ne7 Ra1 63. Nc6 Bc7 64. Ke7 a4 65. Kd7 Bb8 66. Nxb8 Rd1+ 67. Kc7 a3 68. Nc6 a2 69. b8=Q a1=Q 70. Qg8+ Kh4 71. Qh8+ Kg3 72. Qxe5 Qa2 73. Qb5 Qf7+ 74. Kb6 Rd6 75. Qc5 Qf6 76. Qg1+ Kh4 77. Qh2+ Kg5 78. Qh5# 1-0


[Site "https://www.chess.com"]

[Event "Titled Tuesday Blitz February 15 Late 2022"]
[White "Desideri, Ricardo Maruchi"]
[Black "Curtis, John"]
[WhiteFideId "2110440"]
[BlackFideId "3200256"]
[WhiteElo "1945"]
[BlackElo "2203"]
[Result "0-1"]
[Round "04"]
[TimeControl "180+1"]
[Date "2022.02.16"]
[WhiteClock "0:00:02"]
[BlackClock "0:01:11"]

1. e4 e5 2. Nf3 Nc6 3. d4 exd4 4. Nxd4 Qh4 5. Nb5 Qxe4+ 6. Be3 Bc5 7. Nxc7+ Kd8 8. Nxa8 Bxe3 9. fxe3 Qxe3+ 10. Qe2 Qc1+ 11. Qd1 Qxb2 12. Nd2 Nf6 13. Be2 Qd4 14. Nf3 Qc3+ 15. Nd2 Re8 16. O-O Nd4 17. Bd3 Qc5 18. Kh1 b6 19. Nb3 Qc3 20. Nxd4 Qxd4 21. Qf3 Re3 22. Qf4 Qxf4 23. Rxf4 Bb7 24. Nxb6 axb6 25. h3 Kc7 26. Rb1 Rxh3+ 27. Kg1 Rg3 28. Rf2 Bd5 29. Kh2 Rg5 30. Rf4 Bxa2 31. Ra1 Bd5 32. Ra7+ Kb8 33. Rfa4 Rxg2+ 34. Kh3 Rg1 35. c4 Bc6 36. Ra3 Rd1 37. Bf5 g6 38. Bg4 Nxg4 39. Kxg4 h6 40. Kf4 f6 41. Ke3 h5 0-1


[Site "https://www.chess.com"]

[Event "Titled Tuesday Blitz February 15 Late 2022"]
[White "Djordjevic, Vuk"]
[Black "Vusatiuk, Vladimir"]
[WhiteFideId "902098"]
[BlackFideId "14118610"]
[WhiteElo "2722"]
[BlackElo "2501"]
[Result "0-1"]
[Round "04"]
[TimeControl "180+1"]
[Date "2022.02.16"]
[WhiteClock "0:00:50"]
[BlackClock "0:00:16"]

1. d4 Nf6 2. Bg5 e6 3. e4 h6 4. Bxf6 Qxf6 5. c3 d6 6. Bd3 g6 7. Ne2 Bg7 8. O-O e5 9. f4 Qe7 10. Nd2 O-O 11. Nf3 Nd7 12. Qd2 b6 13. Rae1 Bb7 14. f5 gxf5 15. exf5 e4 16. Ng3 d5 17. Bb5 c6 18. Bd3 Qd8 19. Bxe4 dxe4 20. Nxe4 Nf6 21. Ne5 Re8 22. Rf3 Nxe4 23. Rxe4 Rxe5 24. Rg3 Rxe4 25. Qxh6 Kf8 26. Rxg7 Qh4 27. Rxf7+ Kxf7 28. Qg6+ Kf8 29. g3 Qe7 30. Kg2 c5 31. Kh3 Qg7 32. Qd6+ Kg8 33. d5 Rf8 0-1


[Site "https://www.chess.com"]

[Event "Titled Tuesday Blitz February 15 Late 2022"]
[White "Domingo Nunez, Alejandro"]
[Black "Li, Hui"]
[WhiteFideId "22245561"]
[BlackFideId "15400310"]
[WhiteElo "2215"]
[BlackElo "1954"]
[Result "1-0"]
[Round "04"]
[TimeControl "180+1"]
[Date "2022.02.16"]
[WhiteClock "0:00:12"]
[BlackClock "0:00:04"]

1. Nf3 d5 2. b3 c5 3. e3 a6 4. Bb2 Nc6 5. Be2 Nf6 6. d4 cxd4 7. exd4 Bg4 8. O-O e6 9. h3 Bxf3 10. Bxf3 Be7 11. Qe2 O-O 12. Rd1 Rc8 13. c4 Re8 14. Nd2 dxc4 15. Nxc4 Nd5 16. Rac1 Bf6 17. Qe4 g6 18. Ba3 Be7 19. Bb2 Bf6 20. Ne5 Nxe5 21. dxe5 Bg7 22. Qd4 Qd7 23. Rxc8 Rxc8 24. Bxd5 exd5 25. Qxd5 Qxd5 26. Rxd5 h5 27. Rd2 Bh6 28. Rd7 Rc2 29. Rd8+ Kh7 30. e6 Rxb2 31. e7 Bf4 32. g3 Bg5 33. e8=Q Bxd8 34. Qxd8 Rxa2 35. Qd7 Kg8 36. Qxb7 Ra1+ 37. Kg2 Ra5 38. Qb6 Ra2 39. g4 hxg4 40. hxg4 a5 41. Kg3 a4 42. bxa4 Rxa4 43. Qd8+ Kh7 44. Qd7 Ra3+ 45. Kh4 Kg8 46. Qe8+ Kg7 47. Qe5+ Kh7 48. Qe7 Rf3 49. Qe2 Rf6 50. Kg5 Re6 51. Qxe6 fxe6 52. Kf6 Kh6 53. Kxe6 Kg5 54. f3 Kf4 55. Kf6 Kxf3 56. g5 Kf4 57. Kxg6 1-0


[Site "https://www.chess.com"]

[Event "Titled Tuesday Blitz February 15 Late 2022"]
[White "Dounis, Alexandros"]
[Black "Yushko, Olga"]
[WhiteFideId "4213238"]
[BlackFideId "14114500"]
[WhiteElo "2195"]
[BlackElo "2028"]
[Result "1-0"]
[Round "04"]
[TimeControl "180+1"]
[Date "2022.02.16"]
[WhiteClock "0:00:05"]
[BlackClock "0:00:01"]

1. Nf3 e6 2. g3 f5 3. Bg2 Nf6 4. O-O Be7 5. d3 O-O 6. Re1 d6 7. e4 e5 8. Nc3 Nc6 9. Bg5 Qe8 10. Bxf6 Bxf6 11. d4 f4 12. dxe5 dxe5 13. gxf4 exf4 14. e5 Be7 15. Nd5 Bd8 16. e6 Bxe6 17. Bh3 Qg6+ 18. Kh1 Bxh3 19. Rg1 Bg4 20. c3 Ne7 21. Nb4 c6 22. Nd3 Kh8 23. Nde5 Bxf3+ 24. Qxf3 Qf6 25. Nd7 Qf5 26. Nxf8 Qxf8 27. Rae1 Bb6 28. Re4 Ng6 29. Rge1 Qf7 30. R1e2 Rf8 31. Qg4 f3 32. Rd2 Qxa2 33. h4 Qb1+ 34. Kh2 Qc1 35. Qg5 h6 36. Qxg6 Qxd2 37. Rg4 Bc7+ 38. Kh3 Be5 39. Qe4 Qd6 40. Rg6 Qd7+ 41. Qg4 Qe7 42. Re6 Qc5 43. Qe4 Bc7 44. Re8 Rxe8 45. Qxe8+ Kh7 46. Qe4+ Kh8 47. Qxf3 Qe7 48. Qd3 Qe6+ 49. Kg2 Qg4+ 50. Kf1 Qxh4 51. Qd7 Qh1+ 52. Ke2 Qe4+ 53. Kd2 Bf4+ 54. Kd1 Qb1+ 55. Ke2 1-0


[Site "https://www.chess.com"]

[Event "Titled Tuesday Blitz February 15 Late 2022"]
[White "Dubov, Daniil"]
[Black "Corrales Jimenez, Fidel"]
[WhiteFideId "24126055"]
[BlackFideId "3506690"]
[WhiteElo "2791"]
[BlackElo "2541"]
[Result "1-0"]
[Round "04"]
[TimeControl "180+1"]
[Date "2022.02.15"]
[WhiteClock "0:00:04"]
[BlackClock "0:00:02"]

1. d4 Nf6 2. Bf4 g6 3. Nc3 d5 4. e3 Bg7 5. Nb5 Na6 6. Be2 c6 7. Nc3 b5 8. Nf3 O-O 9. Ne5 Bb7 10. h4 Nc7 11. h5 Ne6 12. hxg6 hxg6 13. Bd3 Nxf4 14. exf4 Qb6 15. Qf3 Qxd4 16. O-O-O Qb4 17. a3 Qd6 18. Rh4 Nd7 19. Nxd7 Qxd7 20. Rdh1 f5 21. Rh7 Qd6 22. Ne2 Kf7 23. g4 e6 24. gxf5 exf5 25. Bxf5 Rh8 26. Nd4 Rxh7 27. Rxh7 Rh8 28. Be6+ Kf8 29. f5 Rxh7 30. fxg6+ Ke8 31. Bf7+ Kd7 32. Qg4+ Kd8 33. Ne6+ Ke7 34. gxh7 Bf6 35. Qg8 Qe5 36. Qe8+ Kd6 37. Qf8+ Be7 38. Qb8+ Kd7 39. Qxe5 Bd6 40. Qf5 1-0


[Site "https://www.chess.com"]

[Event "Titled Tuesday Blitz February 15 Late 2022"]
[White "Fedoseev, Vladimir"]
[Black "Jones, Gawain C B"]
[WhiteFideId "24130737"]
[BlackFideId "409561"]
[WhiteElo "2726"]
[BlackElo "2657"]
[Result "1-0"]
[Round "04"]
[TimeControl "180+1"]
[Date "2022.02.15"]
[WhiteClock "0:00:37"]
[BlackClock "0:00:07"]

1. d4 Nf6 2. Nf3 g6 3. Bf4 Bg7 4. c3 O-O 5. h3 b6 6. Nbd2 Bb7 7. Qc2 d6 8. e4 Nbd7 9. Bc4 e5 10. dxe5 dxe5 11. Be3 Qe7 12. O-O Nc5 13. Bxc5 Qxc5 14. b4 Qe7 15. Rfe1 a5 16. a3 Nh5 17. Bd5 c6 18. Bb3 b5 19. Nf1 Nf4 20. Kh2 a4 21. Ba2 Bc8 22. Ne3 h5 23. c4 Bd7 24. Rad1 Rad8 25. cxb5 cxb5 26. Nd5 Nxd5 27. Bxd5 Rc8 28. Qd3 Rc7 29. Qe3 Rfc8 30. Qb6 Kh7 31. Bxf7 Rc6 32. Qxb5 R8c7 33. Qb8 Rc8 34. Qa7 R8c7 35. Qa5 Bf6 36. Bd5 Rc3 37. Re3 g5 38. b5 g4 39. Rxc3 Rxc3 40. Qxc3 gxf3 41. Qxf3 Kh6 42. b6 1-0


[Site "https://www.chess.com"]

[Event "Titled Tuesday Blitz February 15 Late 2022"]
[White "Foisor, Sabina-Francesca"]
[Black "Hakemi, Arman"]
[WhiteFideId "1212915"]
[BlackFideId "22520805"]
[WhiteElo "2243"]
[BlackElo "2208"]
[Result "1/2-1/2"]
[Round "04"]
[TimeControl "180+1"]
[Date "2022.02.16"]
[WhiteClock "0:00:13"]
[BlackClock "0:00:09"]

1. d4 Nf6 2. c4 g6 3. Nf3 Bg7 4. g3 c6 5. Bg2 d5 6. O-O O-O 7. Nc3 dxc4 8. a4 a5 9. Bg5 Na6 10. Qd2 Nb4 11. Rac1 Bf5 12. Bh6 Ne4 13. Nxe4 Bxe4 14. Bxg7 Kxg7 15. Rxc4 b5 16. axb5 cxb5 17. Rc5 Qb6 18. h4 Rfd8 19. Qf4 Bxf3 20. Bxf3 Rab8 21. h5 Qf6 22. h6+ Kf8 23. Qxf6 exf6 24. e3 f5 25. g4 fxg4 26. Bxg4 f5 27. Bf3 Rd7 28. Be2 Rd5 29. Rfc1 Ke7 30. Rxd5 Nxd5 31. Rc5 Kd6 32. Bxb5 Ne7 33. b3 Ng8 34. Rc6+ Kd5 35. Ba4 Nxh6 36. Ra6 Ke4 37. Rxa5 Rc8 38. Kg2 Rc2 39. b4 Rc1 40. b5 f4 41. exf4 Kxf4 42. b6 Nf5 43. b7 Nh4+ 44. Kh2 Nf3+ 45. Kg2 Rg1+ 46. Kh3 Rh1+ 47. Kg2 Rg1+ 48. Kh3 Rh1+ 49. Kg2 Rg1+ 1/2-1/2


[Site "https://www.chess.com"]

[Event "Titled Tuesday Blitz February 15 Late 2022"]
[White "Freitag, Manfred"]
[Black "Peatman, Carter"]
[WhiteFideId "1602004"]
[BlackFideId "2096480"]
[WhiteElo "2275"]
[BlackElo "2389"]
[Result "1-0"]
[Round "04"]
[TimeControl "180+1"]
[Date "2022.02.16"]
[WhiteClock "0:00:15"]
[BlackClock "0:00:05"]

1. e4 c5 2. Nf3 Nc6 3. d4 cxd4 4. Nxd4 Nf6 5. Nc3 d6 6. Nd5 Nxe4 7. Nb5 Be6 8. Nbc7+ Kd7 9. Nxa8 Qa5+ 10. Nc3 Nxc3 11. bxc3 Qxc3+ 12. Bd2 Qe5+ 13. Be2 Bc4 14. Rb1 Kc8 15. Be3 Bxe2 16. Qxe2 Qc3+ 17. Qd2 Qxd2+ 18. Kxd2 Kb8 19. Nb6 axb6 20. Bxb6 Kc8 21. Rb3 e6 22. Rhb1 d5 23. c3 Bd6 24. Be3 Nd8 25. f4 Re8 26. c4 dxc4 27. Rc3 Nc6 28. Rxc4 Rd8 29. Ke2 Bc7 30. Rc5 f6 31. Rcb5 Nd4+ 32. Bxd4 Rxd4 33. g3 b6 34. R5b3 e5 35. f5 Ra4 36. a3 e4 37. Rc1 Kb7 38. Rcc3 Ra5 39. Rc4 Rxf5 40. Rxe4 Be5 41. Rf3 Rg5 42. a4 Bd6 43. Re6 Kc7 44. Rd3 Bc5 45. Kf3 Rf5+ 46. Ke4 Rf2 47. h4 Re2+ 48. Kd5 Ra2 49. Re4 Kd7 50. Kc4+ Kc6 51. Kb3 Ra1 52. Re6+ Kc7 53. Re4 Ra3+ 54. Kc2 Ra2+ 55. Kd1 Rg2 56. Rg4 g6 57. Re4 Bd6 58. Re6 Be5 59. Re7+ Kc6 60. Rxh7 Kc5 61. Rg7 Kc4 62. Rf3 Rxg3 63. Rxg3 Bxg3 64. h5 Be5 65. h6 f5 66. Rxg6 Kb4 67. Rxb6+ Kxa4 68. Re6 Ka5 69. Rxe5+ Kb6 70. Rxf5 1-0


[Site "https://www.chess.com"]

[Event "Titled Tuesday Blitz February 15 Late 2022"]
[White "Goltsev, Dmitry"]
[Black "Osmonbekov, Talaibek"]
[WhiteFideId "24176710"]
[BlackFideId "2017253"]
[WhiteElo "2273"]
[BlackElo "2135"]
[Result "1-0"]
[Round "04"]
[TimeControl "180+1"]
[Date "2022.02.16"]
[WhiteClock "0:00:55"]
[BlackClock "0:00:08"]

1. e4 c5 2. Nf3 d6 3. d4 cxd4 4. Nxd4 Nf6 5. Nc3 g6 6. Be2 Bg7 7. O-O O-O 8. f4 Nc6 9. Be3 Qb6 10. a3 Nxe4 11. Nd5 Qd8 12. Bf3 Nc5 13. Nxc6 bxc6 14. Bxc5 dxc5 15. Nc3 Qxd1 16. Raxd1 Rb8 17. Na4 Bf5 18. Rd2 Bxb2 19. c3 Bxa3 20. Ra2 Rb3 21. Bd1 Rb1 22. Rxa3 Rd8 23. Bf3 Rxf1+ 24. Kxf1 c4 25. Nc5 Ra8 26. Ra6 f6 27. Bxc6 Rb8 28. Rxa7 e5 29. fxe5 fxe5 30. Bd5+ Kh8 31. Bxc4 Rc8 32. Ne6 Bxe6 33. Bxe6 Rxc3 34. Re7 Rc2 35. Bd5 Rd2 36. Rxe5 Kg7 37. Bf3 Kf6 38. Rd5 Rb2 39. Rd7 h6 40. h3 g5 41. Kg1 Kf5 42. Rd4 Kg6 43. Rd6+ Kg7 44. Kh2 Rb3 45. Rd7+ Kg6 46. Be4+ Kf6 47. Rf7+ Kxf7 48. Bd5+ Kf6 49. Bxb3 h5 50. Kg3 Kf5 51. Bc2+ Ke5 52. Bg6 h4+ 53. Kg4 Kf6 54. Bh5 1-0


[Site "https://www.chess.com"]

[Event "Titled Tuesday Blitz February 15 Late 2022"]
[White "Golubenko, Valentina"]
[Black "Saim, Mohamed Ilias"]
[WhiteFideId "4501993"]
[BlackFideId "7900465"]
[WhiteElo "2164"]
[BlackElo "2006"]
[Result "1-0"]
[Round "04"]
[TimeControl "180+1"]
[Date "2022.02.16"]
[WhiteClock "0:00:28"]
[BlackClock "0:00:03"]

1. d4 Nf6 2. g3 e6 3. Bg2 d5 4. c4 c5 5. cxd5 Nxd5 6. Nf3 cxd4 7. O-O Bc5 8. Nxd4 O-O 9. Nb3 Bb6 10. e4 Nb4 11. Qe2 Qc7 12. Nc3 N8c6 13. a3 Na6 14. Bf4 e5 15. Nd5 Qd8 16. Be3 Bxe3 17. Qxe3 Be6 18. Rfd1 Bxd5 19. exd5 Na5 20. Nxa5 Qxa5 21. Qxe5 Rfe8 22. Qh5 Nc7 23. Rac1 Ne6 24. Qg4 Nf8 25. d6 Rad8 26. Bxb7 Re6 27. Qf4 g5 28. Qg4 h6 29. h4 Ng6 30. hxg5 Ne5 31. Qf5 1-0


[Site "https://www.chess.com"]

[Event "Titled Tuesday Blitz February 15 Late 2022"]
[White "Golubev, Mikhail"]
[Black "Miszler, Levente"]
[WhiteFideId "14100983"]
[BlackFideId "763276"]
[WhiteElo "2374"]
[BlackElo "1966"]
[Result "1-0"]
[Round "04"]
[TimeControl "180+1"]
[Date "2022.02.16"]
[WhiteClock "0:00:55"]
[BlackClock "0:01:00"]

1. e4 e6 2. d4 d5 3. Nc3 Nf6 4. Bg5 Be7 5. e5 Nfd7 6. h4 a6 7. Qg4 Bxg5 8. hxg5 Qe7 9. g6 fxg6 10. Rxh7 Rxh7 11. Qxg6+ Qf7 12. Qxh7 Nf8 13. Qh4 c5 14. dxc5 Nc6 15. Nf3 Bd7 16. Bd3 Ng6 17. Bxg6 Qxg6 18. Qh8+ Ke7 19. Qxa8 Qxc2 20. Qxb7 d4 21. Rd1 d3 22. Qb3 1-0


[Site "https://www.chess.com"]

[Event "Titled Tuesday Blitz February 15 Late 2022"]
[White "Goryachkina, Aleksandra"]
[Black "Romero Ruscalleda, Josep"]
[WhiteFideId "4147103"]
[BlackFideId "2231859"]
[WhiteElo "2426"]
[BlackElo "2415"]
[Result "1-0"]
[Round "04"]
[TimeControl "180+1"]
[Date "2022.02.16"]
[WhiteClock "0:00:03"]
[BlackClock "0:00:02"]

1. e4 g6 2. d4 Bg7 3. Nf3 d6 4. Bd3 a6 5. a4 Nc6 6. c3 e5 7. Be3 Bg4 8. d5 Nce7 9. h3 Bd7 10. c4 f5 11. Nc3 Nf6 12. b4 O-O 13. a5 h6 14. Qc2 f4 15. Bd2 g5 16. c5 Ng6 17. Bc4 Qe7 18. Rb1 Rf7 19. c6 Bc8 20. b5 axb5 21. Rxb5 bxc6 22. dxc6 Be6 23. Qb3 Bxc4 24. Qxc4 g4 25. hxg4 Nxg4 26. Nd5 Qd8 27. Rb7 Kf8 28. Nb6 Rb8 29. Rxb8 Qxb8 30. Nd7+ Rxd7 31. cxd7 Ke7 32. Ke2 Nf8 33. a6 Nxd7 34. Rc1 Nc5 35. Be1 Qb6 36. Nd2 Qxa6 37. Qxa6 Nxa6 38. Rc6 Nc5 39. Rxc7+ Kf8 40. f3 Ne3 41. Bf2 Bf6 42. Bxe3 fxe3 43. Kxe3 Ne6 44. Rc8+ Ke7 45. Nc4 Kd7 46. Ra8 Bg5+ 47. Kd3 Nc5+ 48. Ke2 Ke6 49. Ra7 Be7 50. Ra8 Nb3 51. Rh8 Nd4+ 52. Kd3 Bg5 53. Re8+ Kd7 54. Rg8 Ne6 55. g3 Kc6 56. Ke2 Nd4+ 57. Kf2 Bc1 58. Ne3 1-0


[Site "https://www.chess.com"]

[Event "Titled Tuesday Blitz February 15 Late 2022"]
[White "Gracia Alvarez, Gerardo Antonio"]
[Black "Titichoca Daza, Daniel"]
[WhiteFideId "5109124"]
[BlackFideId "3309550"]
[WhiteElo "2139"]
[BlackElo "1968"]
[Result "0-1"]
[Round "04"]
[TimeControl "180+1"]
[Date "2022.02.16"]
[WhiteClock "0:00:01"]
[BlackClock "0:00:11"]

1. c4 e5 2. Nc3 Nf6 3. Nf3 d6 4. d4 Nbd7 5. g3 g6 6. Bg2 Bg7 7. O-O O-O 8. h3 Re8 9. e4 c6 10. Re1 Qb6 11. d5 cxd5 12. cxd5 Nc5 13. Qc2 a5 14. Nd2 Qa6 15. Bf1 Qa7 16. Nc4 Qb8 17. Nb5 Rd8 18. Nb6 Ra6 19. Nc4 Ne8 20. Bg5 f6 21. Be3 b6 22. b3 Bd7 23. Nd2 Ra8 24. a3 Qc8 25. b4 axb4 26. axb4 Na6 27. Qb3 Qb7 28. Rec1 Rdc8 29. Rxc8 Rxc8 30. Nxd6 Nxd6 31. Bxa6 Qc7 32. Bxc8 Bxc8 33. b5 f5 34. exf5 gxf5 35. Re1 Bf6 36. Kg2 f4 37. gxf4 Nf5 38. d6+ Qf7 39. Qxf7+ Kxf7 40. fxe5 Bxe5 41. Bxb6 Bxd6 42. Be3 Bb7+ 43. Kf1 Bb4 44. Re2 Nd6 45. Nb3 Nxb5 46. Nd4 Nxd4 47. Rb2 Ba6+ 48. Kg2 Nc6 0-1


[Site "https://www.chess.com"]

[Event "Titled Tuesday Blitz February 15 Late 2022"]
[White "Grave, Jacob Templen"]
[Black "Ezat, Mohamed"]
[WhiteFideId "1542656"]
[BlackFideId "10600906"]
[WhiteElo "1737"]
[BlackElo "2386"]
[Result "0-1"]
[Round "04"]
[TimeControl "180+1"]
[Date "2022.02.16"]
[WhiteClock "0:00:03"]
[BlackClock "0:01:29"]

1. d4 Nf6 2. c4 g6 3. Nc3 Bg7 4. e4 d6 5. Be2 O-O 6. Be3 e5 7. d5 Na6 8. g4 Nc5 9. f3 a5 10. Qd2 c6 11. Rd1 cxd5 12. Nxd5 Ne6 13. Nxf6+ Qxf6 14. Qxd6 Rd8 15. Qb6 Rxd1+ 16. Bxd1 Qe7 17. Ne2 Ra6 18. Qb3 Nd4 19. Nxd4 exd4 20. Bf2 a4 21. Qd3 Rb6 22. O-O Rxb2 23. Bxa4 Rxa2 24. Bb5 Ra3 25. Qd2 Rxf3 26. Bg3 Rxf1+ 27. Kxf1 Qxe4 28. h3 Qh1+ 29. Kf2 Qxh3 30. Qe2 Be6 31. Qf3 Qxg4 32. Qxb7 Qf5+ 33. Kg2 h5 34. Qb8+ Kh7 35. Qf4 Qxf4 36. Bxf4 Bh6 0-1


[Site "https://www.chess.com"]

[Event "Titled Tuesday Blitz February 15 Late 2022"]
[White "Gubajdullin, Alexei"]
[Black "Todorovic, Bojan"]
[WhiteFideId "4141202"]
[BlackFideId "917087"]
[WhiteElo "2268"]
[BlackElo "2266"]
[Result "1-0"]
[Round "04"]
[TimeControl "180+1"]
[Date "2022.02.16"]
[WhiteClock "0:01:39"]
[BlackClock "0:00:08"]

1. d4 g6 2. Nf3 Bg7 3. Bf4 d6 4. e3 Nf6 5. Be2 O-O 6. O-O Nbd7 7. h3 b6 8. a4 a5 9. Nc3 Bb7 10. Bh2 Ne4 11. Nxe4 Bxe4 12. Nd2 Bb7 13. Bf3 Qc8 14. c3 Nf6 15. Nc4 Bd5 16. Bxd5 Nxd5 17. Qf3 e6 18. e4 Ne7 19. Ne3 Qb7 20. Rfe1 Rae8 21. Qf4 e5 22. dxe5 Bxe5 23. Qh4 Bxh2+ 24. Kxh2 f5 25. e5 dxe5 26. Nc4 e4 27. Rad1 Nd5 28. Rd4 c6 29. Red1 Qe7 30. Qh6 Qg7 31. Qc1 f4 32. Nd6 Re6 33. Nxe4 f3 34. Ng5 Qe5+ 35. g3 Ref6 36. Re4 Qc7 37. Ne6 Qe7 38. Rde1 Re8 39. Ng5 1-0


[Site "https://www.chess.com"]

[Event "Titled Tuesday Blitz February 15 Late 2022"]
[White "Hambleton, Aman"]
[Black "Sarana, Alexey"]
[WhiteFideId "2606577"]
[BlackFideId "24133795"]
[WhiteElo "2552"]
[BlackElo "2665"]
[Result "1-0"]
[Round "04"]
[TimeControl "180+1"]
[Date "2022.02.15"]
[WhiteClock "0:00:05"]
[BlackClock "0:00:14"]

1. d4 Nf6 2. Bf4 d5 3. e3 c5 4. c3 Nc6 5. Nd2 Qb6 6. Qb3 c4 7. Qc2 Bg4 8. e4 e6 9. Be2 Be7 10. Bxg4 Nxg4 11. Ngf3 O-O 12. O-O Rae8 13. e5 f6 14. exf6 Bxf6 15. h3 Nh6 16. Bxh6 gxh6 17. Rae1 Re7 18. Re2 Kh8 19. Rfe1 Rfe8 20. b3 cxb3 21. Nxb3 e5 22. Qf5 Rf8 23. dxe5 Bg7 24. Qh5 Nd8 25. Nbd4 Ne6 26. Nxe6 Qxe6 27. Nd4 Qc8 28. Re3 a6 29. g3 b5 30. Kg2 Qc4 31. Nf3 a5 32. Qg4 Qc5 33. Nd4 b4 34. cxb4 axb4 35. Ne6 Qc6 36. Nxf8 Bxf8 37. Qf5 Bg7 38. Qf3 Qe6 39. Rd3 Rd7 40. Red1 Rf7 41. Qxd5 Qg6 42. Qd8+ Rf8 43. Qd4 Qc6+ 44. Qd5 Qc2 45. R1d2 Qc7 46. Rf3 Re8 47. Rf7 Qc3 48. Rd7 Rg8 49. Rd8 Bf8 50. Qe6 Qc7 51. Qf6+ Qg7 52. Qxg7+ Kxg7 53. R2d7+ Kg6 54. f4 Kf5 55. Kf3 h5 56. Rf7+ Ke6 57. Rdxf8 Rg6 58. Rf6+ Kd5 59. Rxg6 hxg6 60. Rf6 1-0


[Site "https://www.chess.com"]

[Event "Titled Tuesday Blitz February 15 Late 2022"]
[White "Haszon, David"]
[Black "Grigoriants, Sergey"]
[WhiteFideId "733610"]
[BlackFideId "4130804"]
[WhiteElo "2201"]
[BlackElo "2502"]
[Result "0-1"]
[Round "04"]
[TimeControl "180+1"]
[Date "2022.02.15"]
[WhiteClock "0:00:25"]
[BlackClock "0:00:48"]

1. e4 e5 2. Nf3 Nc6 3. Bb5 a6 4. Ba4 Nf6 5. d4 exd4 6. O-O Be7 7. Re1 b5 8. Bb3 d6 9. Bd5 Bd7 10. Nxd4 Nxd5 11. Nxc6 Bxc6 12. exd5 Bd7 13. Bg5 f6 14. Bxf6 gxf6 15. Qh5+ Kf8 16. Qh6+ Kf7 17. Qh5+ Kg7 18. Re3 Be8 19. Qg4+ Bg6 20. Nc3 f5 21. Qe2 Bg5 22. Rg3 Re8 23. Qf3 Qf6 24. Rd1 Re7 25. h4 Bxh4 26. Rh3 Bg5 27. Ne2 Rae8 28. Nf4 Re1+ 29. Rxe1 Rxe1+ 30. Kh2 Bxf4+ 31. Qxf4 Qe5 0-1


[Site "https://www.chess.com"]

[Event "Titled Tuesday Blitz February 15 Late 2022"]
[White "Herrera Reyes, Jose Antonio"]
[Black "Hess, Robert"]
[WhiteFideId "2274914"]
[BlackFideId "2022036"]
[WhiteElo "2361"]
[BlackElo "2557"]
[Result "1-0"]
[Round "04"]
[TimeControl "180+1"]
[Date "2022.02.15"]
[WhiteClock "0:01:17"]
[BlackClock "0:00:03"]

1. Nf3 g6 2. g3 Bg7 3. Bg2 e6 4. d3 Ne7 5. Nc3 d6 6. h4 h6 7. e4 Nd7 8. Be3 a6 9. Qd2 b5 10. d4 Bb7 11. a3 Nb6 12. b3 c5 13. O-O b4 14. axb4 cxb4 15. Ne2 Bxe4 16. Qxb4 O-O 17. c4 Nc6 18. Qd2 Qc7 19. Bxh6 a5 20. Bxg7 Kxg7 21. Nc3 Bf5 22. Nb5 Qd7 23. Qf4 d5 24. h5 Rh8 25. hxg6 fxg6 26. Ne5 Nxe5 27. Qxe5+ Kg8 28. Rfc1 Qh7 29. cxd5 Qh2+ 30. Kf1 Bd3+ 31. Ke1 Qxg2 32. Qxe6+ Kh7 33. Rc7+ Kh6 34. Qe3+ Kh5 35. Qxd3 Rae8+ 36. Kd1 Qg1+ 37. Kc2 Qxf2+ 38. Kc3 Nxd5+ 39. Kc4 Nxc7 40. Rh1+ Kg5 41. Rxh8 Rxh8 42. Nd6 Ne6 43. Ne4+ 1-0


[Site "https://www.chess.com"]